 Dungeon Sprint DCSS version 0.29-a0-284-gf9362112df (webtiles) character file.

Game seed: 15999433029848920686

10 horus123 the Skirmisher (level 2, -4/40 HPs)
             Began as a Merfolk Gladiator on Mar 17, 2022.
             Slain by a water moccasin (5 damage)
             ... in the Dungeon (Sprint II: "The Violet Keep of Menkaure").
             The game lasted 00:01:06 (321 turns).

horus123 the Skirmisher (Merfolk Gladiator)          Turns: 321, Time: 00:01:06

Health: -4/40      AC:  4    Str: 14    XL:     2   Next: 20%
Magic:  2/2        EV: 13    Int:  7    God:
Gold:   243        SH:  0    Dex: 15    Spells: 1/1 levels left

rFire   . . .      SeeInvis .   a - +0 trident
rCold   . . .      Faith    .   (no shield)
rNeg    . . .      Spirit   .   b - +0 leather armour
rPois   .          Reflect  .   c - +0 helmet
rElec   .          Harm     .   (no cloak)
rCorr   .          Rampage  .   (no gloves)
Will    .....      NoTele   +   (no boots)
Stlth   ..........              (no amulet)
HPRegen 0.13/turn               (no ring)
MPRegen 0.08/turn               (no ring)

@: berserking, lethally poisoned (-4 -> -13), very quick
A: (nimble swimmer 2), mertail
a: no special abilities


You were in the Dungeon.
You visited 1 branch You collected 243 gold pieces.

Inventory:

Hand Weapons
 a - a +0 trident (weapon)
Missiles
 d - 3 throwing nets (quivered)
 e - a javelin
Armour
 b - a +0 leather armour (worn)
 c - a +0 helmet (worn)
Scrolls
 k - a scroll of blinking
Potions
 f - a potion of curing
 g - a potion of heal wounds
 h - a potion of haste
 i - 2 potions of magic


   Skills:
 + Level 5.2 Fighting
 - Level 4.0 Polearms
 - Level 2.0 Throwing
 - Level 4.0 Dodging


You had one spell level left.
You didn't know any spells.
Your spell library was empty.

Dungeon Overview and Level Annotations

Branches:
Dungeon (1/1)

Altars:

Shops:
D :!:=::?==:[=![(

Annotations:
D exclusion: oklob plant, Menkaure


Innate Abilities, Weirdness & Mutations

((You are very nimble when in or above water. (Stealth+, EV+, Speed+++)))
Your lower body shifts to a powerful aquatic tail in water.


Message History

You puncture the worm!
You kill the worm!
Your Fighting skill increases to level 5!
Menkaure, Prince of Dust comes into view.
Menkaure shouts!
Menkaure calls on the powers of darkness!
Your body is wracked with pain!
There is an open door here.
Your legs become a tail as you enter the water.
Found 81 gold pieces.
Found Zinotara's Magic Scroll Shoppe and Suecsief's Book Emporium.
Menkaure grins.
A water moccasin comes into view.
Found Ysme's Book Emporium and Nohogets's Jewellery Shoppe.
The water moccasin hisses angrily.
Marking area around an oklob plant as unsafe for travelling.
There is an open door here.
A red film seems to cover your vision as you go berserk!
You feel yourself moving faster!
You feel mighty! Menkaure casts a spell at you. Pain shoots through your body!
Found 12 gold pieces, 20 stones and a chain mail.
Found Iptod's Distillery, Cyxtan's Book Shoppe and Econg's Book Emporium.
You feel a strong urge to attack something.
Found a leather armour and 2 potions of heal wounds.
The black bear growls angrily. x2
You puncture Menkaure!
Menkaure is almost destroyed.
Menkaure hits you!
* * * LOW HITPOINT WARNING * * *
The water moccasin bites you.
* * * LOW HITPOINT WARNING * * *
You are lethally poisoned!
The water moccasin poisons you!
Unknown command.
You puncture the water moccasin!
The water moccasin is moderately wounded.
* * * LOW HITPOINT WARNING * * *
You feel sick. The water moccasin bites you.
You die...

##########≈≈≈.§.
#........#≈≈≈≈.#
#∩.....∩.#≈≈≈≈#
#.∩...∩.∩#≈≈≈≈
#∩.∩.∩.∩.#≈≈###
#.∩.∩.∩..#≈##.# #+#
#..∩.∩...#≈#.####.##
#...⌠.M@S'≈'##.'.<.+
#........#≈#...##.##
▓▓▓▓▓▓▓###≈##.###+#
#$HH######≈≈###
#(hH# ##≈≈≈ #hP[
+#≈# #[. ≈≈# #!. ≈≈


You could see an oklob plant, 3 manticores, a water moccasin, 2 black bears and
Menkaure.

Vanquished Creatures
  3 worms (D)
3 creatures vanquished.

Vanquished Creatures (others)
  A water moccasin (D)
1 creature vanquished.

Grand Total: 4 creatures vanquished

Notes
Turn   | Place    | Note
-------+----------+-------------------------------------------
     0 | D        | horus123 the Merfolk Gladiator began the quest for the Orb.
     0 | D        | Reached XP level 1. HP: 16/16 MP: 1/1
    14 | D        | Reached skill level 4 in Fighting
    22 | D        | Reached XP level 2. HP: 3/26 MP: 2/2
   112 | D        | Killed a water moccasin
   305 | D        | Found Curifael's Book Emporium.
   305 | D        | Found Dyuwiw's Jewellery Emporium.
   305 | D        | Found Xuppiq's Antique Armour Emporium.
   305 | D        | Found Keawebb's Jewellery Shoppe.
   305 | D        | Found Muhysian's Antique Weapon Emporium.
   305 | D        | Found Dotuhauf's Antique Armour Shoppe.
   305 | D        | Found Joyf's Distillery.
   306 | D        | Found Pius Tut's Jewellery Shoppe.
   311 | D        | Reached skill level 5 in Fighting
   314 | D        | Noticed Menkaure
   315 | D        | Found Zinotara's Magic Scroll Shoppe.
   315 | D        | Found Suecsief's Book Emporium.
   315 | D        | Noticed a manticore
   316 | D        | Found Ysme's Book Emporium.
   316 | D        | Found Nohogets's Jewellery Shoppe.
   316 | D        | Noticed a water moccasin
   316 | D        | Noticed a manticore
   316 | D        | Noticed a manticore
   316 | D        | Noticed an oklob plant
   318 | D        | Found Iptod's Distillery.
   318 | D        | Found Cyxtan's Book Shoppe.
   318 | D        | Found Econg's Book Emporium.
   319 | D        | Noticed a black bear
   319 | D        | Noticed a black bear
   319 | D        | Noticed a black bear
   321 | D        | HP: 1/40 [poisoned by a water moccasin]
   321 | D        | Slain by a water moccasin

Illustrated notes

Levels and vault maps discovered:
D:        the_violet_keep_of_menkaure [sprint2_stairs_cluster_1,
          sprint2_shoproom, sprint2_temple, sprint2_basic_supplies,
          sprint2_obstacle_2, sprint2_obstacle_4, sprint2_obstacle_6,
          sprint2_obstacle_7, sprint2_obstacle_1, sprint2_timed_cluster_1,
          sprint2_smallroom_cluster_1, sprint2_smallroom_final_cluster_1,
          sprint2_transparent_cluster_1, sprint2_second_timed_cluster_1,
          sprint2_sniper_area_1, sprint2_heavy_combat_area_1,
          sprint2_mutation_trap_area_1, sprint2_forest_area_1,
          sprint2_light_combat_area_1, sprint2_behind_water_1,
          sprint2_near_end_vault_1]

Skill      XL: |  1  2 |
---------------+-------+-----
Fighting       | 4 5 |  5.2
Polearms       | |  4.0
Throwing       | |  2.0
Dodging        | |  4.0

Action                   || total
-------------------------++-------
Melee: Trident           ||    23
  Use: Potion            ||     1
Armor: Leather armour    ||     2
Dodge: Dodged            ||     6

Table legend: (Time is in decaauts)
 A = Elapsed time spent in this place.
 B = Non-inter-level travel time spent in this place.
 C = Inter-level travel time spent in this place.
 D = Time resting spent in this place.
 E = Time spent auto-exploring this place.
 F = Levels seen in this place.
 G = Mean time per level.
                   A        B        C        D        E       F      G
               +--------+--------+--------+--------+--------+-----+--------+
         Total |    321 |    321 |      0 |    275 |      0 |   1 |  321.0 |
       Dungeon |    321 |    321 |      0 |    275 |      0 |   1 |  321.0 |
               +--------+--------+--------+--------+--------+-----+--------+

Top non-repeatable levels by time:
       D: 321 daAuts
